 Dungeon Crawl Stone Soup version 0.23-a0-404-g0063841 (webtiles) character file.

8924 chorionicmirror the Fighter (level 11, -4/87 HPs)
             Began as a Demonspawn Fighter on Nov 5, 2018.
             Was a High Priest of Okawaru.
             Slain by a troll (6 damage)
             ... led by an orc high priest
             ... on level 1 of the Orcish Mines.
             The game lasted 00:48:17 (12040 turns).

chorionicmirror the Fighter (Demonspawn Fighter)   Turns: 12040, Time: 00:48:18

Health: -4/87      AC: 15    Str: 24    XL:     11   Next: 16%
Magic:  10/15      EV: 19    Int: 10    God:    Okawaru [*****.]
Gold:   893        SH: 21    Dex: 22    Spells: 10/10 levels left

rFire    . . .     SeeInvis .   z - +2 falchion (slice)
rCold    . . .     Gourm    .   F - +1 large shield {AC+3}
rNeg     . . .     Faith    .   G - +2 steam dragon scales
rPois    .         Spirit   .   (helmet restricted)
rElec    .         Reflect  .   s - +0 cloak
rCorr    .         Harm     .   (no gloves)
MR       .....                  k - +0 pair of boots
Stlth    ++++++++..             m - amulet of the acrobat
HPRegen  0.24/turn              i - +5 ring of dexterity
MPRegen  0.14/turn              (no ring)

@: mighty, about to teleport, heroism, finesse, very slightly contaminated,
invisible
A: horns 1, thin skeletal structure 2, demonic guardian 1, nightstalker 2
a: Heroism, Finesse, Renounce Religion


You were on level 1 of the Orcish Mines.
You worshipped Okawaru.
Okawaru was extremely pleased with you.
You were hungry.

You visited 4 branches of the dungeon, and saw 12 of its levels.
You also visited: Bailey.

You collected 893 gold pieces.

Inventory:

Hand Weapons
 h - a +3 short sword of speed
 y - the +9 flail of Benevolence {crush, *Slow rF+ SInv}
   (You took it off an orc on level 5 of the Dungeon)

   It inflicts extra damage upon your enemies.
   It protects you from fire.
   It lets you see invisible.
   It may slow you when you take damage.
 z - a +2 falchion of slicing (weapon)
 D - a +4 falchion
Armour
 c - a +0 chain mail
 k - a +0 pair of boots (worn)
 s - a +0 cloak (worn)
 A - a +2 buckler
 F - a +1 large shield of protection (worn)
 G - +2 steam dragon scales (worn)
 J - a +0 hat
Jewellery
 i - a +5 ring of dexterity (left hand)
 m - an amulet of the acrobat (around neck)
 M - an uncursed ring of fire {unknown}
Wands
 r - a wand of polymorph (4)
 t - a wand of random effects (13)
 u - a wand of flame (22)
 x - a wand of iceblast (17)
 C - a wand of disintegration (14)
 I - a wand of scattershot (4)
 K - a wand of enslavement (6)
Scrolls
 g - 5 scrolls of remove curse
 v - 2 scrolls of enchant weapon
 w - a scroll of enchant armour
 B - a scroll of amnesia
 E - a scroll of fear
 H - a scroll of magic mapping
 L - 2 scrolls of teleportation
Potions
 a - 3 potions of mutation
 b - a potion of resistance
 d - a potion of might
 e - 2 potions of haste
 j - 3 potions of flight
 n - a potion of curing
 o - 3 potions of cancellation
 p - a potion of agility
 q - 2 potions of magic
Miscellaneous
 l - a phantom mirror
Comestibles
 f - 15 rations
 O - a chunk of flesh


   Skills:
 + Level 8.8(13.8) Fighting
 - Level 4.1(11.2) Short Blades
 + Level 7.1(12.7) Long Blades
 - Level 5.0(10.0) Armour
 - Level 5.0(10.0) Dodging
 - Level 5.0(10.0) Stealth
 * Level 7.5(12.5) Shields
 + Level 5.7 Invocations


You had 10 spell levels left.
You didn't know any spells.
Your spell library was empty.

Dungeon Overview and Level Annotations

Branches:
Dungeon (9/15)             Temple (1/1) D:4            Lair (1/6) D:9
    Orc (1/2) D:9

Altars:
Ashenzari
Cheibriados
Dithmenos
Elyvilon
Fedhas
Gozag
Hepliaklqana
Kikubaaqudgha
Makhleb
Nemelex Xobeh
Okawaru
Qazlal
Ru
Sif Muna
Trog
Uskayaw
Vehumet
Wu Jian
Xom
Yredelemnul
Zin
The Shining One
Beogh
Lugonu

Shops:
D:7 !   Orc:1 }


Innate Abilities, Weirdness & Mutations

You have a pair of small horns on your head.
You have a moderately thin skeletal structure. (Dex +4, Stealth+)
A weak demonic guardian rushes to your aid.
You are significantly more attuned to the shadows.


Message History

You block the troll's attack. x2; The orc misses you.
You riposte.
You slash the orc!
You kill the orc!
Okawaru accepts your kill. The troll completely misses you.
The troll claws you.
* * * LOW HITPOINT WARNING * * *
The troll claws you.
* * * LOW HITPOINT WARNING * * *
The ogre completely misses you.
An orc comes into view. It is wielding a +0 club.
As you read the scroll of teleportation, it crumbles to dust.
You feel strangely unstable. The orc warrior completely misses you.
You riposte.
You slash the orc warrior! You headbutt the orc warrior!
You kill the orc warrior!
Okawaru accepts your kill.
The orc warrior hits you with a +0 long sword!
* * * LOW HITPOINT WARNING * * *
You block the orc warrior's attack. You block the troll's attack.
The troll claws you.
You die...

##....##..)..####
#.....#.##..##
##..........#
##.........#
###.......#
##...#.##
##...####
#.o(...5##
....##..o@T# ...#
###OT)o# ...
#oo#o## ..
..ยง..## ..o..##
....##


You could see 2 trolls, 3 orc warriors, an ogre, 4 orcs and a friendly iron imp.

Vanquished Creatures
  An orc high priest (Orc:1)
  The ghost of galech the Chopper, a novice DsFi of Okawaru (D:6)
  A black mamba (Lair:1)
  A spiny frog (Lair:1)
  A komodo dragon (Lair:1)
  The ghost of Tenar the Magician, a novice DEFE of Vehumet (D:5)
  A troll (Orc:1)
  A hippogriff (Lair:1)
  Sigmund (D:3)
  A yak (D:9)
  Menkaure (D:5)
  Edmund (D:5)
  3 water moccasins (Lair:1)
  6 porcupines
  A sky beast (D:9)
  A black bear (D:7)
  2 necrophages
  7 orc warriors
  2 phantoms
  An ice beast (D:9)
  6 ogres
  A centaur (D:9)
  3 crocodiles
  6 bullfrogs
  A water moccasin skeleton (D:7)
  A wyvern skeleton (D:8)
  5 scorpions
  4 killer bees (D:7)
  3 jellies
  4 howler monkeys
  3 quasits (D:5)
  A crimson imp (D:7)
  A hound (D:6)
  16 orc wizards
  Crazy Yiuf (D:5)
  5 orc priests
  4 bullfrog skeletons
  Natasha (thrice) (D:3)
  Ijyb (D:5)
  2 iguanas
  7 worker ants
  A hound zombie (D:5)
  A howler monkey skeleton (D:7)
  A gnoll (D:1)
  8 adders
  6 shadow imps
  2 oozes
  An adder zombie (D:7)
  An adder skeleton (D:7)
  3 worms
  2 dart slugs
  4 leopard geckos
  62 orcs
  3 ball pythons
  9 giant cockroaches
  24 goblins
  13 hobgoblins
  4 jackals (D:1)
  A quokka (D:5)
  7 bats
  3 frilled lizards (D:3)
  6 kobolds
  A quokka skeleton (D:7)
  7 rats
  2 demonic plants (Temple)
  2 fungi
  A plant (D:9)
288 creatures vanquished.

Vanquished Creatures (collateral kills)
  A manticore (D:8)
  A necrophage (D:6)
  A bullfrog (D:9)
  A killer bee (D:7)
  8 orcs
12 creatures vanquished.

Vanquished Creatures (others)
  4 fungi
4 creatures vanquished.

Grand Total: 304 creatures vanquished

Notes
Turn   | Place    | Note
-------+----------+-------------------------------------------
     0 | D:1      | chorionicmirror the Demonspawn Fighter began the quest for
                  | the Orb.
     0 | D:1      | Reached XP level 1. HP: 18/18 MP: 1/1
    88 | D:1      | Gained mutation: You have a somewhat thin skeletal
                  | structure. (Dex +2, Stealth) [demonic ancestry]
    88 | D:1      | Reached XP level 2. HP: 11/24 MP: 2/2
   505 | D:1      | Gained mutation: You have a pair of small horns on your
                  | head. [demonic ancestry]
   505 | D:1      | Reached XP level 3. HP: 26/29 MP: 3/3
  1202 | D:2      | Found a hazy altar of Hepliaklqana.
  1203 | D:2      | Found a blossoming altar of Fedhas.
  1210 | D:2      | Found a shadowy altar of Dithmenos.
  1273 | D:2      | Found an ornate altar of the Wu Jian Council.
  1320 | D:2      | Found a glowing golden altar of the Shining One.
  1323 | D:2      | Found a basalt altar of Yredelemnul.
  1325 | D:2      | Noticed a profane servitor
  1339 | D:2      | Noticed an angel
  1815 | D:3      | Reached XP level 4. HP: 29/35 MP: 4/4
  1891 | D:3      | Reached skill level 4 in Fighting
  1891 | D:3      | Reached XP level 5. HP: 15/42 MP: 5/5
  1897 | D:3      | Noticed Sigmund
  1904 | D:3      | Killed Sigmund
  1904 | D:3      | Reached XP level 6. HP: 18/49 MP: 6/6
  2355 | D:3      | Found a snail-covered altar of Cheibriados.
  2734 | D:3      | Noticed Natasha
  2746 | D:3      | Killed Natasha
  2897 | D:3      | Noticed Natasha
  2904 | D:3      | Killed Natasha
  3444 | D:3      | Noticed Natasha
  3453 | D:3      | Killed Natasha
  3625 | D:4      | Found a staircase to the Ecumenical Temple.
  3634 | Temple   | Entered the Ecumenical Temple
  3756 | Temple   | Became a worshipper of Warmaster Okawaru
  3789 | D:4      | Gained mutation: You are slightly more attuned to the
                  | shadows. [demonic ancestry]
  3789 | D:4      | Reached XP level 7. HP: 47/55 MP: 7/7
  4059 | D:4      | Reached skill level 5 in Fighting
  4059 | D:4      | Reached skill level 1 in Short Blades
  4448 | D:5      | Entered Level 5 of the Dungeon
  4484 | D:5      | Noticed Edmund
  4506 | D:5      | Killed Edmund
  4506 | D:5      | Reached skill level 1 in Stealth
  4528 | D:5      | Noticed Ijyb
  4555 | D:5      | Killed Ijyb
  4758 | D:5      | Reached * piety under Okawaru
  5149 | D:5      | Found a transporter.
  5181 | D:5      | Noticed Tenar's ghost (novice DEFE)
  5188 | D:5      | Identified the +9 flail of Benevolence {crush, *Slow rF+
                  | SInv}
  5201 | D:5      | Reached skill level 5 in Shields
  5206 | D:5      | Gained mutation: A weak demonic guardian rushes to your
                  | aid. [demonic ancestry]
  5206 | D:5      | Reached XP level 8. HP: 51/62 MP: 8/8
  5255 | D:5      | Found a shimmering altar of Xom.
  5273 | D:5      | Reached skill level 1 in Invocations
  5327 | D:5      | Found a sacrificial altar of Ru.
  5403 | D:5      | Reached skill level 5 in Armour
  5413 | D:5      | Noticed Menkaure
  5418 | D:5      | Killed Menkaure
  5418 | D:5      | Reached skill level 1 in Dodging
  5587 | D:5      | Found a transporter.
  5798 | D:5      | Found a runed door.
  5802 | D:5      | Noticed Crazy Yiuf
  5812 | D:5      | Killed Crazy Yiuf
  5958 | D:5      | Reached ** piety under Okawaru
  5966 | D:5      | Killed Tenar's ghost
  6264 | D:6      | Found a runed door.
  6269 | D:6      | Noticed galech's ghost (novice DsFi)
  6329 | D:6      | Killed galech's ghost
  6329 | D:6      | Reached skill level 6 in Fighting
  6329 | D:6      | Gained mutation: You have a moderately thin skeletal
                  | structure. (Dex +4, Stealth+) [demonic ancestry]
  6329 | D:6      | Reached XP level 9. HP: 23/69 MP: 10/12
  6578 | D:6      | Found a runed door.
  6657 | D:6      | Reached *** piety under Okawaru
  6777 | D:6      | Found a shattered altar of Ashenzari.
  7055 | D:6      | Found a roughly hewn altar of Beogh.
  7434 | D:7      | Reached skill level 5 in Invocations
  7881 | D:7      | Reached skill level 5 in Stealth
  7943 | D:7      | Reached **** piety under Okawaru
  7974 | D:7      | Reached skill level 7 in Fighting
  8130 | D:7      | Found Nen Jem's Distillery.
  8243 | D:8      | Reached skill level 5 in Long Blades
  8325 | D:8      | Gained mutation: You are significantly more attuned to the
                  | shadows. [demonic ancestry]
  8325 | D:8      | Reached XP level 10. HP: 56/78 MP: 13/13
  8424 | D:8      | Found a white marble altar of Elyvilon.
  8488 | D:8      | Noticed a manticore
  8499 | D:8      | Killed a manticore
  8596 | D:8      | Reached skill level 5 in Dodging
  8925 | D:9      | Found a staircase to the Orcish Mines.
  8934 | D:9      | Found an opulent altar of Gozag.
  9024 | D:9      | Found a flagged portal.
  9039 | Bailey   | Entered a bailey
  9386 | Bailey   | Noticed an orc knight
  9967 | D:9      | Found a sparkling altar of Nemelex Xobeh.
 10029 | D:9      | Found a staircase to the Lair.
 10122 | D:9      | Reached skill level 8 in Fighting
 10164 | D:9      | Found a radiant altar of Vehumet.
 10478 | Orc:1    | Entered Level 1 of the Orcish Mines
 10518 | Lair:1   | Entered Level 1 of the Lair of Beasts
 10605 | Lair:1   | Noticed a spiny frog
 10614 | Lair:1   | Killed a spiny frog
 10614 | Lair:1   | Reached ***** piety under Okawaru
 10630 | Lair:1   | Noticed a black mamba
 10643 | Lair:1   | Killed a black mamba
 11686 | Orc:1    | Found Yromanti's Gadget Shop.
 11710 | Orc:1    | Reached XP level 11. HP: 86/86 MP: 14/14
 12012 | Orc:1    | Noticed an orc high priest
 12022 | Orc:1    | Noticed a sixfirhy
 12037 | Orc:1    | Killed an orc high priest
 12037 | Orc:1    | Received a gift from Okawaru
 12040 | Orc:1    | HP: 2/87 [orc warrior/+0 long sword (7)]
 12040 | Orc:1    | Slain by a troll

Vault maps used:
D:1:      dpeg_arrival_boxorama, minmay_heptomino_h4
D:2:      grunt_temple_overflow_holy_war, overflow_temple_1_default,
          chequers_temple_overflow_statue_of_worship,
          hangedman_decor_peaks_small, kennysheep_boxes
D:3:      cheibriados_altar_1, minmay_bisected, uniq_natasha, uniq_sigmund
D:4:      cheibrodos_greedy_goblins, minmay_temple_entry_junction_2,
          first_ration, chequers_serial_rivers_small_3, st_stairs_12
D:5:      nicolae_ru_great_annihilating_truth, old_standard_altar,
          gammafunk_ghost_stat_death, uniq_crazy_yiuf_cottage, uniq_edmund,
          uniq_ijyb, uniq_menkaure
D:6:      overflow_temple_1_default, ebering_ghost_reflecting_pool,
          lightli_church_of_beogh
D:7:      serial_shops, nicolae_shop_trees
D:8:      lemuel_crystal_altar
D:9:      lemuel_doored_altar, nicolae_overflow_crystal_walls,
          nemelex_xobeh_ov_fountains_minmay, due_lair_maze_entry_diamond,
          enter_bailey_3
Temple:   corrupted_temple
Lair:1:   nicolae_lair_grove_arrangements
Orc:1:    serial_shops, nicolae_shop_statue_plus, shop
Bailey:   bailey_polearm_1, bailey

Skill      XL: |  1  2  3  4  5  6  7  8  9 10 11 |
---------------+----------------------------------+-----
Long Blades    | 2 3 5 6 7 |  7.1
Shields        | 3 4 5 7 |  7.5
Armour         | 3 4 5 |  5.0
Fighting       | 4 5 6 7 8 |  8.8
Short Blades   | 2 3 4 |  4.1
Stealth        | 1 3 5 |  5.0
Invocations    | 4 5 |  5.7
Dodging        | 3 4 5 |  5.0

Action                   |  1- 3 |  4- 6 |  7- 9 | 10-12 || total
-------------------------+-------+-------+-------+-------++-------
Melee: Long sword        |    43 |       |       |       ||    43
       Short sword       |    89 |   223 |   239 |       ||   551
       Headbutt          |    16 |    52 |   136 |   132 ||   336
       Falchion          |       |       |   231 |   381 ||   612
Invok: Heroism           |       |       |     2 |     3 ||     5
       Finesse           |       |       |       |     2 ||     2
  Use: Scroll            |     4 |     7 |     9 |     3 ||    23
       Potion            |       |     2 |     5 |     6 ||    13
 Stab: Sleeping          |       |       |    11 |     5 ||    16
       Paralysed         |       |       |     1 |       ||     1
       Distracted        |       |       |       |     3 ||     3
       Invisible         |       |       |       |     4 ||     4
  Eat: Chunk             |     3 |     4 |    10 |     9 ||    26
       Ration            |       |     1 |     1 |     1 ||     3
Armor: Scale mail        |    55 |    20 |    62 |       ||   137
       Chain mail        |       |       |    51 |    39 ||    90
       Steam dragon scal |       |       |       |    53 ||    53
Dodge: Dodged            |    41 |    41 |   156 |   209 ||   447
Block: Shield            |    55 |    53 |   141 |       ||   249
       Buckler           |       |       |    60 |    88 ||   148
       Large shield      |       |       |       |   239 ||   239
       Rpst.: Long sword |     5 |       |       |       ||     5
       Falchion          |       |       |    34 |    49 ||    83

Table legend:
 A = Non-vault XP
 B = Vault XP
 C = Vault XP percentage of total XP
 D = Non-vault monster count
 E = Vault monster count
 F = Vault count percentage of total count
                 A         B        C        D         E       F
            +---------+---------+-------+---------+---------+-------
      Total |    9514 |    3235 |  25.4 |     206 |      89 |  30.2
            +---------+---------+-------+---------+---------+-------
        D:1 |      69 |       7 |   9.2 |      29 |       3 |   9.4
        D:2 |      15 |       0 |   0.0 |       7 |       0 |   0.0
        D:3 |     222 |     333 |  60.0 |      35 |       7 |  16.7
        D:4 |     281 |      56 |  16.6 |       6 |      11 |  64.7
        D:5 |     407 |     919 |  69.3 |      20 |      12 |  37.5
        D:6 |     639 |     736 |  53.5 |      14 |      26 |  65.0
        D:7 |    1420 |       0 |   0.0 |      30 |       0 |   0.0
        D:8 |    1192 |       0 |   0.0 |      16 |       0 |   0.0
        D:9 |     773 |     886 |  53.4 |      11 |      12 |  52.2
     Lair:1 |    2435 |       0 |   0.0 |      12 |       0 |   0.0
      Orc:1 |    2061 |       0 |   0.0 |      26 |       0 |   0.0
     Bailey |       0 |     298 | 100.0 |       0 |      18 | 100.0
            +---------+---------+-------+---------+---------+-------
